Map: 紫晶浪漫-天梯版

Players

TIME (Oliveira) - Winner!

  • Race: Terran Terran

iGCoffeeMs (Coffee)

  • Race: Terran Terran

Event: DreamHack SC2 Masters 2021 Winter

VOD

Have the link to the VOD?

Description

Time

  • Played on: Oct. 8, 2021, 7:19 a.m.
  • Length: 13:18

All games in this series

Show
View Real Time Build Order
Export as new Build Order

TIME Terran - Winner!

Build Orders:  

Get SALT Encoding   

  12  0:00  SCV  
  13  0:12  SCV  
  14  0:17  Supply Depot  
  14  0:24  SCV  
  15  0:39  SCV  
  15  0:40  Barracks  
  16  0:45  Refinery  
  16  0:51  SCV  
  16  0:52  Refinery  
  17  1:03  SCV  
  18  1:15  SCV  
  19  1:28  Reaper, Orbital Command  
  19  1:31  Supply Depot  
  20  1:42  Factory  
  20  1:54  Bunker  
  20  1:55  SCV  
  20  2:00  Marine  
  22  2:08  SCV  
  23  2:17  Marine  
  24  2:27  Hellion  
  24  2:29  SCV  
  25  2:35  Marine  
  25  2:48  Hellion  
  26  2:52  SCV  
  26  2:55  Marine  
  26  2:58  Starport  
  26  3:04  SCV  
  27  3:07  Supply Depot  
  27  3:09  Hellion  
  29  3:14  Barracks Tech Lab  
  29  3:16  SCV  
  30  3:28  SCV  
  31  3:36  Command Center  
  31  3:37  Factory Tech Lab  
  31  3:45  Banshee  
  31  3:47  Barracks Reactor  
  34  3:57  Cyclone  
  34  4:00  Supply Depot  
  34  4:01  SCV  
  38  4:15  SCV  
  39  4:23  Marine x2  
  41  4:28  Raven  
  41  4:31  Siege Tank  
  46  4:34  SCV  
  47  4:46  Refinery  
  47  4:47  Marine x2  
  49  4:56  SCV  
  50  5:02  Command Center  
  50  5:11  SCV, Raven  
  53  5:14  Orbital Command  
  53  5:17  Marine  
  53  5:20  Marine  
  55  5:27  SCV  
  56  5:29  Siege Tank  
  59  5:39  SCV  
  59  5:40  SCV  
  59  5:42  Marine x2  
  60  5:51  SCV  
  60  5:52  SCV  
  62  6:11  Stimpack  
  62  6:14  SCV x2, Siege Tank, Viking x2, Marine  
  62  6:16  Orbital Command  
  72  6:22  Supply Depot  
  69  6:26  SCV  
  69  6:28  SCV  
  69  6:31  Marine  
  72  6:37  Orbital Command  
  72  6:38  SCV  
  72  6:40  SCV  
  72  6:44  Refinery  
  73  6:48  Viking x2  
  73  6:50  SCV  
  73  6:52  SCV  
  79  6:55  Siege Tank  
  79  6:58  Marine  
  83  7:02  Supply Depot, SCV  
  83  7:04  SCV  
  85  7:10  Supply Depot  
  85  7:18  Barracks  
  85  7:20  Barracks  
  85  7:23  SCV x3, Marine  
  85  7:26  Viking  
  85  7:28  Viking  
  91  7:35  Siege Tank  
  92  7:37  SCV  
  92  7:43  Marine  
  93  7:45  SCV x2, Engineering Bay x2  
  93  7:49  SCV  
  96  7:57  SCV  
  97  8:05  Viking x2  
  78  8:13  Barracks Reactor x2  
  73  8:20  SCV, Siege Tank  
  73  8:22  Terran Infantry Weapons Level 1, Terran Infantry Armor Level 1  
  73  8:23  Marine  
  74  8:27  SCV  
  74  8:28  SCV  
  74  8:31  Barracks  
  74  8:32  Barracks  
  74  8:35  SCV  
  74  8:39  SCV  
  74  8:40  SCV  
  73  8:42  Viking x2, Marine  
  78  8:51  Marine x3  
  78  8:52  SCV x2, Siege Tank  
  78  8:53  SCV  
  87  8:56  Supply Depot, Marine  
  87  8:58  Combat Shield  
  87  9:01  Supply Depot  
  87  9:02  Supply Depot  
  88  9:03  Marine  
  88  9:04  SCV x2  
  88  9:05  SCV  
  92  9:10  Refinery, Marine x3  
  92  9:11  Refinery  
  92  9:14  Medivac x2  
  92  9:15  Marine  
  92  9:16  SCV  
  101  9:18  SCV x2, Barracks Reactor  
  101  9:21  Barracks Reactor  
  101  9:23  Marine  
  104  9:26  Supply Depot  
  104  9:27  Siege Tank, Marine  
  104  9:28  Marine  
  104  9:29  SCV  
  111  9:31  SCV x2  
  111  9:36  Marine x2  
  114  9:41  Command Center  
  114  9:42  SCV  
  114  9:43  SCV  
  117  9:48  Marine x2  
  117  9:49  Supply Depot, Marine  
  117  9:50  Sensor Tower  
  119  9:55  Viking  
  119  9:56  Viking  
  119  9:58  Marine x2  
  125  10:02  Marine  
  126  10:07  Armory  
  126  10:08  Siege Tank  
  126  10:09  Marine x2  
  126  10:10  Missile Turret  
  126  10:11  Reaper  
  126  10:12  Marine  
  133  10:15  Supply Depot  
  133  10:17  Marine  
  134  10:23  Marine x3  
  134  10:27  Factory  
  136  10:29  Marine  
  136  10:31  Barracks Reactor  
  136  10:32  Marine  
  136  10:35  Marine x2  
  140  10:36  Missile Turret  
  140  10:37  Medivac x2  
  140  10:39  SCV x2  
  140  10:40  Marine  
  147  10:45  Supply Depot, Marine x2  
  147  10:46  Supply Depot  
  149  10:53  Supply Depot, Siege Tank  
  149  10:56  SCV x2  
  153  10:57  Marine  
  153  11:01  Marine x2  
  156  11:07  Marine x3  
  156  11:10  Planetary Fortress  
  159  11:14  Marine  
  159  11:15  Sensor Tower  
  159  11:16  Missile Turret, Supply Depot  
  159  11:17  Missile Turret, Refinery  
  160  11:21  Marine  
  160  11:22  Refinery  
  160  11:24  Medivac  
  160  11:25  Medivac  
  165  11:26  Siege Tank x2  
  165  11:28  Marine x3  
  173  11:39  Marine  
  174  11:44  Marine x2  
  174  11:45  SCV x3  
  179  11:48  SCV  
  179  11:49  Marine x2  
  179  11:52  Marine x2  
  179  11:53  Marine  
  185  11:58  Marine  
  185  11:59  Siege Tank  
  185  12:00  Siege Tank  
  192  12:02  Marine x3  
  195  12:12  Missile Turret, Viking  
  195  12:15  Viking  
  191  12:37  Marine x3  
  191  12:41  Starport  
  191  12:43  Starport  
  194  12:44  Marine  
  194  12:52  Marine x2  
  168  13:05  SCV x2  
  155  13:13  Command Center  
  150  13:17  Command Center  
Show
View Real Time Build Order
Export as new Build Order

iGCoffeeMs Terran 

Build Orders:  

Get SALT Encoding   

  12  0:00  SCV  
  13  0:12  SCV  
  14  0:17  Supply Depot  
  14  0:39  Barracks  
  14  0:41  Refinery  
  14  0:53  Barracks  
  14  0:58  SCV  
  15  1:10  SCV  
  16  1:27  Reaper, Orbital Command  
  16  1:32  Refinery  
  17  1:41  Reaper  
  18  1:53  SCV  
  19  1:59  Reaper  
  19  2:00  Supply Depot  
  20  2:05  SCV  
  21  2:13  Reaper  
  22  2:17  SCV  
  23  2:29  SCV  
  24  2:33  Reaper  
  24  2:35  Factory  
  23  2:41  SCV  
  23  2:53  SCV  
  23  3:00  Reaper  
  23  3:05  SCV  
  25  3:06  Reaper  
  26  3:14  Command Center  
  26  3:20  SCV  
  26  3:21  Factory Tech Lab  
  27  3:34  Supply Depot  
  27  3:35  SCV  
  28  3:41  Cyclone  
  28  3:46  Starport  
  31  3:55  SCV  
  32  4:07  SCV  
  33  4:17  Refinery  
  36  4:19  SCV  
  34  4:27  Orbital Command  
  34  4:29  Raven, Factory Tech Lab  
  36  4:31  SCV  
  37  4:44  SCV  
  38  4:48  Cyclone  
  41  4:53  SCV  
  41  4:56  SCV  
  41  4:58  Supply Depot  
  43  5:04  Barracks Reactor  
  43  5:05  SCV  
  43  5:07  Command Center  
  44  5:08  SCV  
  44  5:12  Raven  
  47  5:16  Supply Depot  
  47  5:17  SCV  
  47  5:20  SCV  
  49  5:24  Siege Tank  
  52  5:28  Supply Depot  
  49  5:39  SCV x2  
  49  5:43  Marine x2  
  51  5:51  SCV  
  51  5:52  SCV  
  51  5:54  Raven  
  51  5:57  Barracks  
  55  5:59  Barracks  
  55  6:03  SCV  
  55  6:04  SCV  
  57  6:06  Marine x2  
  59  6:11  Siege Tank  
  59  6:16  SCV x2  
  64  6:19  Orbital Command  
  64  6:23  Marine  
  64  6:24  Marine  
  59  6:36  SCV x2  
  61  6:44  Siege Tank  
  61  6:46  SCV  
  65  6:48  SCV x2, Barracks Reactor x2  
  65  6:52  Refinery, Engineering Bay x2  
  65  6:54  Viking, Orbital Command  
  69  6:56  Viking  
  71  7:02  SCV x2  
  71  7:05  Marine  
  71  7:06  Stimpack  
  74  7:14  SCV x2  
  76  7:21  SCV  
  77  7:26  SCV, Barracks  
  77  7:27  Barracks  
  77  7:29  Orbital Command  
  78  7:35  Marine x3  
  78  7:36  Siege Tank, Marine x2  
  86  7:37  SCV  
  87  7:53  SCV  
  87  7:54  SCV  
  89  8:03  Marine  
  74  8:06  SCV x2  
  74  8:07  Marine x2  
  74  8:08  Marine x2  
  74  8:09  Viking x2  
  74  8:11  SCV  
  76  8:18  SCV x2  
  71  8:21  Marine  
  71  8:22  Siege Tank  
  71  8:24  Marine  
  71  8:25  Marine  
  71  8:26  Terran Infantry Weapons Level 1, Terran Infantry Armor Level 1, Marine x2  
  78  8:30  SCV x2  
  78  8:33  Orbital Command  
  77  8:38  Marine  
  77  8:41  Viking x2  
  77  8:42  SCV, Marine x2  
  77  8:44  SCV  
  85  8:48  Refinery  
  85  8:50  Marine x2  
  85  8:54  SCV, Combat Shield  
  88  8:56  Barracks Reactor x2, Marine  
  88  8:59  SCV  
  88  9:01  SCV  
  92  9:10  Supply Depot, SCV  
  92  9:11  SCV  
  93  9:19  Armory  
  93  9:23  Refinery  
  93  9:26  Supply Depot  
  93  9:31  Medivac x2, Marine x2  
  93  9:32  Missile Turret, SCV x2  
  93  9:34  Supply Depot  
  93  9:35  Supply Depot  
  101  9:47  SCV x2, Marine x6  
  101  9:50  Supply Depot  
  109  9:54  Command Center  
  109  9:55  Marine x2  
  109  9:56  Siege Tank  
  115  10:00  SCV  
  115  10:02  Medivac  
  115  10:03  Medivac  
  115  10:05  Marine x2  
  122  10:09  Terran Vehicle Weapons Level 1  
  122  10:11  Marine  
  122  10:12  Marine x3  
  122  10:13  Marine  
  127  10:17  Factory  
  127  10:18  Supply Depot  
  127  10:19  Supply Depot  
  126  10:23  Barracks Reactor, Marine x2  
  126  10:26  Terran Infantry Weapons Level 2  
  126  10:27  Terran Infantry Armor Level 2, Marine  
  129  10:29  Marine x3  
  129  10:30  Marine  
  131  10:36  SCV x2  
  131  10:39  Supply Depot, Siege Tank, Marine  
  131  10:40  Viking  
  131  10:41  Supply Depot x2, Marine  
  140  10:46  Viking  
  142  10:52  SCV x2  
  142  10:55  Marine x5  
  149  10:58  Sensor Tower  
  149  11:03  Supply Depot  
  149  11:04  Supply Depot  
  149  11:05  Siege Tank  
  152  11:12  SCV x3  
  154  11:19  Marine x3  
  154  11:22  Starport  
  154  11:23  Starport  
  157  11:32  Marine x3  
  159  11:33  Planetary Fortress  
  159  11:38  Sensor Tower  
  160  11:40  Missile Turret  
  160  11:48  Siege Tank x2  
  160  11:52  Refinery x2  
  166  11:59  Starport Tech Lab x2  
  166  12:03  Command Center  
  166  12:12  Marine  
  166  12:19  Marine  
  166  12:20  Marine x3  
  169  12:27  Raven x2  
  170  12:34  Marine x2  
  170  12:35  Marine x4  
  165  12:43  Siege Tank x2  
  170  12:49  Command Center  
  170  12:50  Supply Depot x2  
  170  12:51  Supply Depot x2  

Tags
 
Add a new tag
Caveats
  • Supply blocks, unpowered buildings, or Contaminate may cause inaccurate times.
  • Supply counts are checked every 10 seconds.